Map: Interloper LE

Players

PengWin - Winner!

  • Race: Zerg Zerg
  • Spawn Location: 11:00

FishTaco

  • Race: Zerg Zerg
  • Spawn Location: 5:00

Event: WCS Montreal 2017

VOD

Have the link to the VOD?

Description

Time

  • Played on: Sept. 8, 2017, 12:42 p.m.
  • Length: 9:18

All games in this series

Show
View Real Time Build Order
Export as new Build Order

PengWin Zerg - Winner!

Build Orders: Pool First 

Get SALT Encoding   

  12  0:01  Drone  
  13  0:14  Overlord  
  13  0:18  Drone  
  14  0:32  Drone x2  
  16  0:36  Drone  
  16  0:39  Extractor  
  16  0:47  Spawning Pool  
  15  0:51  Drone  
  16  1:02  Drone  
  17  1:12  Drone  
  18  1:22  Hatchery  
  17  1:33  Queen  
  19  1:40  Metabolic Boost  
  19  1:47  Overlord  
  19  1:51  Zergling x2  
  21  1:54  Zergling x2  
  21  2:01  Zergling x2  
  22  2:09  Queen  
  22  2:12  Zergling x2  
  25  2:20  Zergling x2  
  26  2:30  Baneling Nest  
  26  2:32  Drone  
  26  2:35  Queen  
  28  2:41  Zergling x4  
  30  2:54  Zergling x2  
  30  2:56  Drone x3  
  34  3:00  Drone  
  35  3:06  Overlord  
  34  3:22  Zergling x4  
  34  3:25  Baneling x2  
  36  3:27  Drone x2  
  36  3:28  Drone x2  
  40  3:35  Drone x2  
  40  3:36  Overlord  
  40  3:40  Zergling x2  
  43  3:43  Baneling  
  41  4:00  Zergling x4  
  41  4:01  Zergling x14  
  49  4:16  Drone x2  
  51  4:22  Hatchery  
  49  4:30  Baneling x4  
  49  4:33  Drone  
  49  4:34  Drone  
  50  4:46  Drone  
  50  4:47  Drone  
  50  4:55  Drone  
  50  4:56  Overlord x2  
  50  4:57  Lair  
  51  5:00  Extractor x3  
  47  5:11  Drone  
  42  5:20  Drone x3  
  45  5:22  Drone  
  46  5:31  Zergling x14  
  46  5:35  Baneling x4  
  53  5:40  Queen  
  53  5:42  Drone  
  56  5:43  Drone  
  57  5:54  Baneling x2  
  56  6:10  Baneling x5  
  55  6:12  Zergling x18  
  55  6:16  Spine Crawler  
  55  6:17  Spine Crawler  
  48  6:43  Zergling x18  
  48  6:44  Queen, Zergling x6  
  61  6:51  Spire  
  61  6:53  Drone x5  
  66  7:02  Baneling x4  
  66  7:03  Baneling x3  
  58  7:30  Baneling x2  
  58  7:31  Baneling  
  58  7:33  Drone x2  
  60  7:41  Overlord  
  60  8:01  Zergling x18  
  60  8:02  Overlord x2  
  68  8:10  Baneling x4  
  64  8:39  Mutalisk  
  64  8:40  Mutalisk x11  
  87  8:51  Drone x6  
Show
View Real Time Build Order
Export as new Build Order

FishTaco Zerg 

Build Orders: Pool First 

Get SALT Encoding   

  12  0:01  Drone  
  13  0:13  Overlord  
  13  0:17  Drone  
  14  0:31  Drone x2  
  16  0:35  Drone  
  16  0:42  Extractor  
  16  0:47  Spawning Pool  
  15  0:51  Drone  
  16  0:58  Drone  
  17  1:07  Drone  
  18  1:21  Hatchery  
  17  1:33  Queen  
  17  1:37  Zergling x2  
  20  1:47  Overlord, Drone  
  20  1:51  Drone  
  22  2:01  Metabolic Boost  
  22  2:17  Drone x2  
  24  2:23  Baneling Nest, Zergling x2  
  24  2:34  Queen  
  26  2:40  Drone x2  
  28  2:44  Zergling x2  
  28  2:45  Zergling x4  
  30  2:53  Zergling x2  
  30  2:54  Zergling x2  
  32  3:04  Zergling x4  
  34  3:07  Spine Crawler  
  33  3:24  Queen  
  35  3:27  Zergling x2  
  36  3:39  Evolution Chamber  
  36  3:51  Overlord  
  36  4:06  Zerg Ground Armor Level 1, Hatchery  
  27  4:11  Queen  
  27  4:16  Drone  
  27  4:17  Drone x2  
  32  4:24  Zergling x4  
  34  4:28  Zergling x4  
  35  4:37  Zergling x8  
  36  4:46  Zergling x2  
  36  4:47  Zergling x4  
  34  4:52  Baneling  
  34  4:56  Baneling x2  
  34  4:57  Zergling x6, Baneling x2  
  34  4:58  Zergling x2  
  30  5:07  Zergling x2  
  30  5:08  Zergling x2  
  26  5:18  Baneling  
  25  5:26  Drone  
  25  5:27  Drone  
  27  5:39  Zergling x4  
  29  5:44  Zergling x2  
  30  5:54  Zergling x4  
  31  6:10  Baneling  
  31  6:11  Baneling x3  
  30  6:19  Zergling x8  
  30  6:33  Zergling x6  
  30  6:38  Zergling x2  
  32  6:44  Baneling x3  
  31  6:48  Zergling x2  
  32  7:00  Baneling x2  
  29  7:12  Zergling x10  
  31  7:26  Zergling x2  
  31  7:27  Zergling x2  
  27  7:35  Zergling x2  
  26  7:41  Baneling x4  
  26  7:46  Zergling x4  
  29  7:58  Zergling x4  
  26  8:16  Baneling  
  25  8:20  Baneling x3  
  25  8:22  Zergling x8  
  25  8:26  Zergling x2  
  26  8:43  Zergling x8  
  26  8:48  Baneling  
  30  8:49  Baneling x2  
Tags
 
Add a new tag
Caveats
  • Supply blocks, unpowered buildings, or Contaminate may cause inaccurate times.
  • Supply counts are checked every 10 seconds.